 Dungeon Crawl Stone Soup version 0.29.1-15-g9cfb28693d (webtiles) character file.

Game seed: 11517488636930964061

347 EarthwalkerPL the Trooper (level 6, -2/56 HPs)
             Began as a Minotaur Fighter on Apr 24, 2023.
             Killed by nerve-wracking pain
             ... invoked by an orc priest
              (4 damage)
             ... on level 4 of the Dungeon.
             The game lasted 00:05:11 (3014 turns).

EarthwalkerPL the Trooper (Minotaur Fighter)        Turns: 3014, Time: 00:05:11

Health: -2/56      AC:  9    Str: 22    XL:     6   Next: 33%
Magic:  5/5        EV:  9    Int:  5    God:
Gold:   164        SH:  4    Dex: 10    Spells: 5/5 levels left

rFire   . . .      SeeInvis .   a - +0 war axe
rCold   . . .      Faith    .   c - +0 buckler
rNeg    . . .      Spirit   .   b - +0 scale mail
rPois   .          Reflect  .   (helmet restricted)
rElec   .          Harm     .   (no cloak)
rCorr   .          Rampage  .   s - +0 pair of gloves
Will    .....                   h - +0 pair of boots
Stlth   ..........              (no amulet)
HPRegen 0.18/turn               (no ring)
MPRegen 0.09/turn               (no ring)

@: no status effects
A: horns 2, retaliatory headbutt
a: no special abilities


You were on level 4 of the Dungeon.
You visited 1 branch of the dungeon, and saw 4 of its levels.

You collected 164 gold pieces.

Inventory:

Hand Weapons
 a - a +0 war axe (weapon)
Missiles
 m - 6 boomerangs (quivered)
 u - 2 atropa-tipped darts
Armour
 b - a +0 scale mail (worn)
 c - a +0 buckler (worn)
 h - a +0 pair of boots (worn)
 s - a +0 pair of gloves (worn)
Jewellery
 n - a +6 ring of intelligence
Scrolls
 e - 2 scrolls of noise {unknown}
 g - a scroll of enchant weapon {unknown}
 j - a scroll of magic mapping {unknown}
 k - 4 scrolls of identify {unknown}
 l - a scroll of silence {unknown}
 p - a scroll of brand weapon {unknown}
Potions
 d - a potion of might
 f - 2 potions of lignification {unknown}
 i - 2 potions of curing
 o - a potion of invisibility {unknown}
 q - a potion of heal wounds {unknown}
 r - a potion of mutation {unknown}
 t - a potion of haste {unknown}
 v - a potion of berserk rage {unknown}


   Skills:
 * Level 5.6 Fighting
 * Level 4.8 Axes
 * Level 5.3 Armour
 + Level 4.6 Shields


You had 5 spell levels left.
You didn't know any spells.
Your spell library was empty.

Dungeon Overview and Level Annotations

Branches:
Dungeon (4/15)
 Temple: D:4-7

Altars:
Dithmenos
Gozag
Uskayaw

Shops:
D:1 ([**   D:4 (


Innate Abilities, Weirdness & Mutations

You have a pair of horns on your head.
You reflexively headbutt those who attack you in melee.


Message History

You miss something. Your headbutt misses something. You closely miss the orc.
You closely miss the orc wizard. Something hits you but does no damage.
The orc wizard hits you with a +0 dagger.
The orc barely misses you. x2; Something hits you.
The orc wizard gestures at you while chanting.
The magic dart hits you.
An orc priest comes into view. It is wielding a +0 trident.
You miss something. You completely miss the orc. You hit the orc wizard.
You kill the orc wizard!
The orc barely misses you.
The orc priest calls down the wrath of Beogh upon you.
Beogh smites you!
* * * LOW HITPOINT WARNING * * *
Something completely misses you.
You feel less confused.
You barely miss the orc.
The orc is lightly wounded.
You miss something. The orc closely misses you.
Something completely misses you.
You closely miss the orc.
The orc is lightly wounded.
You miss something. The orc hits you but does no damage.
You barely miss the orc.
The orc is lightly wounded.
You slash something!
Reactivating autopickup.
You feel a bit more experienced.
The orc priest hits you from afar with a +0 trident.
* * * LOW HITPOINT WARNING * * *
The orc hits you with a +0 whip.
* * * LOW HITPOINT WARNING * * *
You barely miss the orc. You headbutt the orc, but do no damage.
The orc is lightly wounded.
The orc priest calls upon Beogh to heal the orc.
The orc's wounds heal themselves!
The orc hits you with a +0 whip.
* * * LOW HITPOINT WARNING * * *
You closely miss the orc. The orc misses you. The orc priest barely misses you.
The orc priest invokes the aid of Beogh against you.
Pain shoots through your body!
You die...

#.. #.. ......#....
. +... #..
....#.#.[.# .#
#...##..
..........#..##
##...#..
....#.#...#....
........
#............
.<....... ........o.
........ #..))#
######.#.....
#.o@.##.......#.#...
#..)................
#.....♣♣♣♣♣♣♣.....#.
#.................##
###...♣.♣♣♣.♣.#.#...
#...♣.....♣.......
.....♣.._..♣.....#.
####+.♣.....♣.###...
..♣.♣♣♣.♣.......


You could see an orc priest and an orc.

Vanquished Creatures
  A scorpion (D:4)
  A howler monkey (D:4)
  An orc priest (D:4)
  3 orc wizards (D:4)
  Robin (D:3)
  5 adders
  A white imp (D:4)
  An ufetubus (D:4)
  A dart slug (D:3)
  4 orcs (D:4)
  5 endoplasms
  11 goblins
  8 hobgoblins
  4 quokkas
  6 ball pythons
  6 bats
  3 frilled lizards
  5 kobolds
  9 rats
76 creatures vanquished.

Notes
Turn   | Place    | Note
-------+----------+-------------------------------------------
     0 | D:1      | EarthwalkerPL the Minotaur Fighter began the quest for the
                  | Orb.
     0 | D:1      | Reached XP level 1. HP: 19/19 MP: 0/0
   112 | D:1      | Reached XP level 2. HP: 27/27 MP: 1/1
   125 | D:1      | Found Manery's General Store.
   506 | D:1      | Found Dij Fupn's Antique Weapon Shop.
   651 | D:1      | Found Zyfib's Armour Shoppe.
   658 | D:1      | Found Bocromaj's General Store.
   833 | D:2      | Reached XP level 3. HP: 29/34 MP: 2/2
   994 | D:2      | Found a hide-covered altar of Uskayaw.
  1349 | D:2      | Found a faded altar of an unknown god.
  1708 | D:3      | Found a faded altar of an unknown god.
  1712 | D:3      | Found a shadowy altar of Dithmenos.
  1845 | D:3      | Reached XP level 4. HP: 41/41 MP: 3/3
  1847 | D:3      | Noticed Robin
  1858 | D:3      | Killed Robin
  2563 | D:4      | Reached skill level 5 in Fighting
  2569 | D:4      | Reached XP level 5. HP: 39/48 MP: 4/4
  2781 | D:4      | Reached skill level 5 in Armour
  2835 | D:4      | Found Wufef's Antique Weapon Shop.
  2977 | D:4      | Found an opulent altar of Gozag.
  2997 | D:4      | Reached XP level 6. HP: 47/56 MP: 5/5
  3013 | D:4      | HP: 2/56 [orc/+0 whip (3)]
  3014 | D:4      | Killed from afar by an orc priest

Illustrated notes

Levels and vault maps discovered:
D:1:      dpeg_arrival_ratfight, layout_basic, serial_shops,
          nicolae_shop_behind_doors, shop, shop, shop
D:2:      layout_loops_ring, ebering_ecumenical_altar_petrified, basic_altar,
          serial_park_tiny_pond
D:3:      layout_loops_corners, nicolae_overflow_ecumenical_swirl,
          minmay_door_square, uniq_robin
D:4:      layout_basic, mainiacjoe_overflow_cross_hatched, serial_shops,
          shop_fountains

Skill      XL: |  1  2  3  4  5 |
---------------+----------------+-----
Fighting       | 4 5 |  5.6
Axes           | 3 4 |  4.8
Armour         | 4 5 |  5.3
Shields        | 4 |  4.6

Action                   |  1- 3 |  4- 6 || total
-------------------------+-------+-------++-------
Melee: War axe           |   107 |    77 ||   184
       Headbutt          |    13 |    11 ||    24
Armor: Scale mail        |    62 |    80 ||   142
Dodge: Dodged            |    51 |    40 ||    91
Block: Buckler           |    25 |    20 ||    45
